Map: Efflorescence LE

Players

Massa

  • Race: Terran Terran
  • League: Platinum
  • Spawn Location: 12:00

qqq

  • Race: Zerg Zerg
  • League: Platinum
  • Spawn Location: 3:00

DrMANo

  • Race: Protoss Protoss
  • League: Diamond
  • Spawn Location: 6:00

DrAxelroose

  • Race: Terran Terran
  • League: Diamond
  • Spawn Location: 9:00

VOD

Have the link to the VOD?

Description

Time

  • Played on: Nov. 29, 2020, 6:17 a.m.
  • Length: 14:12
Show
View Real Time Build Order
Export as new Build Order

Massa Terran 

Build Orders:  

Get SALT Encoding   

  12  0:00  SCV  
  13  0:12  SCV  
  14  0:18  Supply Depot  
  14  0:25  SCV  
  15  0:40  SCV, Barracks  
  16  0:51  Supply Depot  
  16  0:52  SCV  
  17  1:02  Refinery  
  17  1:04  SCV  
  18  1:16  SCV  
  19  1:28  SCV  
  19  1:32  Barracks  
  20  1:45  Orbital Command  
  20  1:46  Refinery  
  21  1:47  Reaper  
  21  2:14  SCV  
  22  2:25  Barracks Tech Lab  
  22  2:36  Barracks Reactor  
  22  2:46  Factory, Marine  
  22  2:49  SCV  
  24  3:02  Stimpack  
  24  3:05  Marine  
  25  3:15  Marine x2  
  25  3:19  Command Center  
  27  3:23  SCV, Marine  
  29  3:31  Hellion  
  31  3:39  Starport  
  31  3:45  Supply Depot  
  31  3:48  Supply Depot  
  31  4:07  Marauder  
  35  4:15  Barracks Tech Lab  
  35  4:16  Liberator  
  36  4:23  Engineering Bay  
  36  4:24  Hellion x2  
  40  4:28  Marauder  
  40  4:29  SCV  
  43  4:41  SCV  
  43  4:45  Hellion x2  
  48  4:46  Marauder  
  48  4:49  Marine  
  52  4:52  SCV  
  52  5:00  Missile Turret  
  52  5:06  Hellion  
  54  5:15  Marine  
  54  5:16  Marine  
  54  5:18  Hellion  
  58  5:28  Hellion  
  60  5:34  Marauder  
  62  5:49  Marine  
  62  5:55  Marauder  
  44  6:07  Marine  
  43  6:16  Marauder  
  43  6:26  Marauder  
  43  6:37  Marine  
  44  6:46  Marine  
  43  6:55  Marine  
  43  7:00  Medivac  
  44  7:04  Marine  
  44  7:05  Widow Mine x2  
  44  7:06  Orbital Command  
  45  7:08  SCV  
  45  7:10  Missile Turret  
  45  7:12  Missile Turret  
  45  7:13  Marine  
  47  7:16  Missile Turret  
  47  7:17  Refinery  
  47  7:20  SCV  
  47  7:22  Marine, Combat Shield  
  49  7:26  Widow Mine  
  49  7:27  Barracks  
  51  7:31  Marine  
  51  7:32  SCV  
  53  7:40  Marine, Concussive Shells  
  53  7:41  SCV  
  55  7:45  SCV  
  55  7:49  Marine  
  56  7:53  SCV  
  56  7:57  SCV  
  56  7:58  Marine  
  59  8:05  SCV  
  59  8:09  SCV  
  53  8:45  Missile Turret, Viking  
  51  8:53  SCV x2  
  53  8:57  Barracks Reactor  
  53  8:58  Marine x3, Command Center  
  54  9:05  SCV x2  
  54  9:07  Missile Turret  
  56  9:16  Marine x3  
  59  9:17  SCV x2  
  59  9:21  Refinery  
  61  9:29  SCV  
  62  9:32  Starport Reactor  
  62  9:39  Armory  
  62  9:50  Command Center  
  62  10:02  Terran Infantry Weapons Level 1  
  62  10:09  SCV x2, Marauder, Marine x4, Siege Tank  
  73  10:21  SCV  
  73  10:27  Marine x4  
  71  10:42  Marine  
  63  10:45  Marine x4, Viking x2  
  63  10:47  Cyclone  
  74  10:59  Marine  
  74  11:02  Marine x2  
  75  11:15  Viking x2  
  79  11:19  Cyclone  
  72  11:44  Marauder, Marine x4  
  76  11:47  Medivac x2  
  76  11:52  Planetary Fortress  
  83  11:57  Missile Turret  
  83  12:00  Missile Turret x2  
  83  12:02  Marine x4, Siege Tank  
  83  12:05  Marauder  
  89  12:08  Ghost Academy  
  89  12:15  SCV x2  
  91  12:19  Missile Turret  
  91  12:20  Marine  
  92  12:26  Mag-Field Accelerator  
  92  12:36  Supply Depot x2  
  92  12:39  Supply Depot  
  92  12:41  Supply Depot  
  92  12:42  Engineering Bay  
  92  12:45  Sensor Tower  
  92  12:48  Missile Turret  
  92  12:57  Viking x2  
  92  12:58  SCV x2, Marauder  
  100  12:59  Supply Depot  
  100  13:00  SCV  
  100  13:03  Planetary Fortress  
  101  13:10  SCV x2  
  104  13:12  SCV  
  104  13:19  Marauder, Marine x2  
  106  13:20  Marine x2  
  106  13:22  SCV x2  
  106  13:25  SCV  
  80  13:34  SCV x2  
  80  13:39  Marine x2  
  80  13:40  Marine x2  
  80  13:41  Marauder  
  78  13:55  Barracks  
  81  13:56  Barracks  
  81  13:57  Barracks  
  81  13:58  Barracks  
Show
View Real Time Build Order
Export as new Build Order

qqq Zerg 

Build Orders: Hatch First 

Get SALT Encoding   

  12  0:00  Drone  
  13  0:10  Drone  
  14  0:42  Overlord  
  14  0:47  Hatchery  
  14  0:49  Drone  
  14  1:07  Drone x2  
  14  1:08  Drone  
  17  1:32  Drone x2, Spawning Pool  
  17  1:33  Extractor  
  17  2:00  Drone  
  18  2:15  Drone  
  19  2:20  Drone  
  19  2:21  Overlord  
  19  2:22  Drone  
  21  2:24  Drone  
  21  2:25  Queen  
  24  2:35  Queen  
  26  2:44  Drone  
  26  2:45  Zergling x2  
  26  2:47  Drone, Zergling x2  
  30  2:53  Overlord  
  30  2:55  Zergling x2  
  31  3:00  Metabolic Boost  
  31  3:04  Zergling x2  
  32  3:17  Zergling x4  
  32  3:18  Zergling x2  
  35  3:25  Zergling x2  
  35  3:26  Zergling x2  
  37  3:38  Zergling x2  
  37  3:39  Zergling x2  
  39  3:49  Zergling x8  
  39  3:50  Zergling x2  
  44  4:03  Overlord  
  44  4:05  Lair  
  44  4:06  Overlord  
  44  4:15  Overlord  
  43  4:24  Hatchery  
  35  4:41  Zergling x6  
  35  4:42  Zergling x8  
  35  4:43  Zergling x8  
  45  4:50  Roach Warren  
  44  4:57  Drone  
  44  4:58  Drone  
  46  5:08  Drone  
  46  5:10  Extractor  
  46  5:12  Extractor  
  45  5:14  Drone  
  45  5:15  Drone  
  45  5:17  Spore Crawler  
  45  5:19  Spore Crawler  
  45  5:34  Drone x3  
  45  5:35  Drone x3  
  42  5:57  Zergling x6  
  42  5:58  Drone x2  
  42  5:59  Zergling x8  
  44  6:32  Drone x2  
  45  6:33  Drone  
  45  6:34  Spire  
  45  6:37  Drone x4  
  48  6:40  Extractor  
  48  6:42  Queen  
  48  6:43  Drone x3  
  48  6:45  Spore Crawler  
  51  6:51  Drone  
  51  6:54  Drone  
  53  6:59  Hatchery  
  53  7:01  Spore Crawler  
  51  7:05  Drone  
  51  7:06  Spore Crawler  
  51  7:16  Drone x3  
  51  7:19  Drone x4  
  59  7:32  Overseer  
  59  7:35  Pneumatized Carapace  
  59  7:36  Drone x2  
  59  7:37  Drone  
  58  7:59  Mutalisk x2  
  58  8:00  Mutalisk x3  
  66  8:18  Mutalisk x3  
  67  8:24  Drone  
  67  8:25  Mutalisk x2, Infestation Pit  
  71  8:27  Zerg Flyer Weapons Level 1  
  71  8:34  Hatchery  
  67  8:37  Mutalisk  
  67  8:39  Drone x3  
  72  8:45  Corruptor  
  74  8:49  Overlord x2  
  74  9:06  Queen  
  76  9:11  Drone x2  
  76  9:12  Drone  
  76  9:15  Hatchery  
  76  9:16  Spine Crawler x2  
  76  9:19  Corruptor  
  78  9:24  Hive  
  78  9:25  Drone  
  74  9:46  Drone x2  
  76  9:56  Evolution Chamber, Corruptor  
  76  9:57  Evolution Chamber, Corruptor x2  
  76  9:58  Drone  
  81  10:03  Spore Crawler  
  81  10:04  Spine Crawler  
  63  10:15  Corruptor  
  63  10:16  Mutalisk x3  
  63  10:17  Drone x2  
  72  10:32  Mutalisk x2  
  68  10:48  Corruptor x2  
  62  11:08  Corruptor x2  
  62  11:13  Drone x3  
  65  11:24  Corruptor x2  
  69  11:26  Drone  
  69  11:27  Drone x3  
  73  11:38  Drone  
  74  11:41  Spine Crawler, Spore Crawler  
  74  11:44  Corruptor x2  
  74  11:46  Drone, Spine Crawler  
  76  11:54  Hatchery  
  75  12:14  Hatchery  
  74  12:28  Corruptor  
  74  12:29  Corruptor  
  78  12:36  Ultralisk Cavern  
  77  12:49  Drone x3  
  80  12:53  Extractor  
  71  13:14  Corruptor x2  
  71  13:15  Corruptor  
  71  13:18  Spine Crawler  
  73  13:53  Drone x3  
Show
View Real Time Build Order
Export as new Build Order

DrMANo Protoss 

Build Orders: Zealot Archon 

Get SALT Encoding   

  12  0:00  Probe  
  13  0:12  Probe  
  15  0:28  Probe  
  15  0:45  Pylon  
  15  1:03  Probe  
  16  1:07  Forge  
  16  1:15  Probe  
  17  1:24  Pylon  
  17  1:27  Probe  
  18  1:39  Probe  
  19  1:40  Pylon  
  19  1:43  Photon Cannon  
  19  1:49  Photon Cannon  
  19  1:51  Probe  
  20  2:03  Probe  
  20  2:15  Probe  
  20  2:19  Gateway  
  20  2:21  Photon Cannon  
  21  2:27  Probe  
  21  2:28  Nexus  
  22  2:37  Assimilator  
  22  2:40  Probe (Chrono Boost)  
  22  2:42  Assimilator  
  23  2:47  Pylon  
  23  2:49  Probe (Chrono Boost)  
  24  3:06  Gateway  
  24  3:08  Gateway  
  24  3:15  Zealot  
  24  3:18  Probe  
  27  3:28  Cybernetics Core  
  27  3:31  Protoss Ground Weapons Level 1 (Chrono Boost)  
  27  3:40  Pylon  
  27  3:41  Probe  
  27  3:45  Probe  
  29  4:00  Zealot (Chrono Boost)  
  29  4:01  Zealot (Chrono Boost)  
  35  4:09  Zealot (Chrono Boost)  
  35  4:12  Photon Cannon  
  35  4:16  Warp Gate (Chrono Boost)  
  34  4:43  Zealot x3  
  34  4:44  Probe (Chrono Boost)  
  42  4:46  Probe (Chrono Boost)  
  42  4:52  Assimilator  
  42  4:53  Assimilator  
  42  4:56  Probe (Chrono Boost)  
  42  4:59  Pylon  
  43  5:03  Probe (Chrono Boost)  
  44  5:07  Twilight Council  
  44  5:21  Stalker (Chrono Boost)  
  44  5:22  Stalker (Chrono Boost)  
  44  5:25  Stalker (Chrono Boost)  
  44  5:28  Probe  
  51  5:40  Probe  
  32  6:00  Probe x2  
  21  6:17  Zealot x3  
  25  6:19  Probe x2  
  27  6:31  Probe x2  
  27  6:32  Templar Archives  
  29  6:49  Probe  
  29  6:50  Probe  
  31  6:58  Protoss Ground Weapons Level 2 (Chrono Boost)  
  31  6:59  Charge (Chrono Boost)  
  31  7:12  High Templar x2  
  35  7:20  Probe x2  
  37  7:25  Archon  
  37  7:32  Gateway  
  37  7:40  Probe (Chrono Boost)  
  37  7:41  Probe (Chrono Boost)  
  39  7:50  Probe (Chrono Boost)  
  39  7:51  Probe (Chrono Boost)  
  41  8:05  Probe x2  
  43  8:09  High Templar x2  
  43  8:36  Archon  
  43  8:38  High Templar x2  
  47  8:43  Probe (Chrono Boost)  
  47  8:47  Archon  
  49  8:48  Probe (Chrono Boost)  
  49  8:53  Probe (Chrono Boost)  
  50  9:03  High Templar  
  50  9:05  High Templar  
  54  9:10  Nexus  
  54  9:13  Pylon  
  54  9:16  Assimilator  
  54  9:17  Archon  
  54  9:18  Protoss Ground Weapons Level 3 (Chrono Boost)  
  54  9:20  High Templar x2, Assimilator  
  58  9:26  Probe  
  58  9:27  Probe  
  60  9:36  Pylon  
  60  9:43  Gateway  
  60  9:45  Gateway  
  60  9:50  Archon  
  60  9:56  Probe  
  61  10:01  Photon Cannon  
  61  10:08  Probe  
  62  10:20  Probe  
  57  10:52  High Templar x3  
  57  10:53  High Templar x3  
  59  11:15  Archon x3  
  59  11:23  Probe x2  
  57  11:31  Photon Cannon  
  57  11:32  Photon Cannon  
  57  11:33  Gateway  
  57  11:35  Probe x2, Gateway  
  57  11:39  Blink (Chrono Boost)  
  55  11:45  Shield Battery, Pylon  
  55  11:46  Probe (Chrono Boost)  
  56  11:53  Probe x2 (Chrono Boost)  
  58  11:54  Zealot x4  
  58  11:55  Zealot x2  
  58  11:56  Probe (Chrono Boost)  
  58  12:00  Probe x2 (Chrono Boost), Protoss Shields Level 1 (Chrono Boost)  
  58  12:01  Probe (Chrono Boost)  
  74  12:19  Pylon  
  74  12:22  Pylon  
  74  12:28  High Templar x2  
  74  12:29  High Templar x2, Nexus  
  82  12:31  Pylon  
  82  12:33  Archon  
  82  12:34  Archon, Pylon  
  82  12:36  Assimilator  
  82  12:39  Probe  
  82  12:40  Probe x2  
  82  12:41  Assimilator  
  85  12:47  Stalker x2  
  85  12:48  Stalker  
  91  12:52  Stalker  
  93  13:00  Robotics Facility  
  69  13:41  Stalker x2  
  69  13:42  Stalker x5  
  69  13:43  Stalker  
Show
View Real Time Build Order
Export as new Build Order

DrAxelroose Terran 

Build Orders: Gas First Reaper Expand 

Get SALT Encoding   

  12  0:00  SCV  
  13  0:12  SCV  
  14  0:18  Supply Depot  
  14  0:25  SCV  
  15  0:28  Refinery  
  15  0:41  Barracks  
  15  0:46  SCV  
  16  0:58  SCV  
  17  1:10  SCV  
  18  1:22  SCV  
  19  1:29  Reaper  
  20  1:36  Command Center  
  20  1:47  Orbital Command  
  20  2:00  Supply Depot  
  20  2:16  Factory  
  20  2:28  Barracks Reactor  
  20  2:36  SCV  
  21  2:41  Refinery  
  21  2:48  Orbital Command, SCV  
  22  3:00  SCV  
  22  3:02  Starport  
  23  3:10  Hellion  
  23  3:11  Hellion  
  23  3:12  SCV  
  28  3:14  SCV, Barracks Tech Lab  
  29  3:24  SCV  
  29  3:26  SCV  
  31  3:31  Hellion  
  33  3:36  SCV  
  33  3:38  SCV  
  35  3:46  Fusion Core  
  35  3:47  Marine  
  36  3:48  SCV  
  36  3:50  SCV  
  36  3:51  Banshee  
  41  3:58  Refinery  
  41  4:00  SCV  
  41  4:02  Widow Mine, SCV  
  45  4:13  SCV  
  46  4:19  Supply Depot  
  46  4:41  Banshee, SCV x2  
  51  4:46  Cloaking Field  
  51  4:53  Refinery, SCV x2  
  51  4:56  Supply Depot x2  
  53  5:05  SCV  
  53  5:06  SCV, Hellion x2  
  59  5:17  SCV  
  59  5:18  SCV  
  61  5:23  Banshee, Engineering Bay  
  61  5:28  Widow Mine x2  
  68  5:29  SCV  
  68  5:30  SCV  
  66  5:41  SCV  
  67  5:42  SCV  
  68  5:53  SCV  
  56  6:13  SCV x2  
  58  6:25  SCV x2  
  60  6:37  SCV  
  59  6:40  SCV  
  60  6:49  SCV  
  61  6:55  Battlecruiser  
  61  7:00  Hyperflight Rotors  
  68  7:08  SCV x2  
  68  7:14  Command Center  
  69  7:20  SCV x2  
  71  7:32  SCV x2  
  73  7:37  Weapon Refit  
  73  7:44  SCV  
  73  7:45  SCV  
  72  7:56  SCV  
  72  7:57  SCV  
  74  8:07  Supply Depot  
  74  8:08  Supply Depot x2  
  74  8:09  SCV x2, Hellion, Supply Depot  
  74  8:11  Supply Depot  
  78  8:17  Factory  
  78  8:25  Battlecruiser  
  78  8:26  Hellion  
  86  8:31  Hellion  
  81  8:47  Hellion  
  81  8:51  Planetary Fortress  
  81  8:52  SCV x2, Hellion  
  85  9:02  Factory Tech Lab  
  85  9:04  SCV x2  
  85  9:08  Hellion, Missile Turret  
  89  9:13  Hellion  
  89  9:16  SCV x2  
  89  9:17  Starport x2  
  93  9:21  Refinery  
  93  9:22  Refinery  
  93  9:28  SCV x2  
  93  9:30  Hellion, Battlecruiser  
  103  9:40  SCV  
  103  9:41  SCV  
  99  9:54  Missile Turret  
  99  9:56  Missile Turret x2  
  99  9:59  Missile Turret  
  99  10:01  Starport Tech Lab, Starport Reactor, Missile Turret  
  99  10:08  SCV x2  
  101  10:17  Missile Turret  
  101  10:22  Missile Turret  
  87  10:56  SCV x2  
  89  10:59  Viking  
  89  11:00  Viking, Battlecruiser  
  93  11:08  SCV  
  94  11:12  Hellion  
  94  11:13  Hellion  
  94  11:15  Hellion  
  94  11:16  SCV  
  101  11:20  SCV  
  102  11:29  Viking  
  102  11:30  Battlecruiser  
  102  11:31  SCV  
  111  11:33  Siege Tank  
  111  11:35  Hellion  
  111  11:36  Hellion  
  111  11:37  Command Center  
  118  11:46  Supply Depot x2  
  118  11:47  Supply Depot  
  118  11:56  Hellion  
  118  11:57  Hellion  
  122  12:04  Hi-Sec Auto Tracking  
  122  12:05  Siege Tank, Battlecruiser  
  122  12:07  Command Center  
  131  12:10  Sensor Tower  
  131  12:11  Supply Depot  
  131  12:12  Armory, Supply Depot  
  131  12:14  Armory, Missile Turret, Supply Depot  
  131  12:15  Missile Turret  
  131  12:17  Missile Turret  
  131  12:18  Hellion, Viking x2  
  131  12:19  Hellion  
  139  12:34  Battlecruiser  
  139  12:36  SCV x2, Missile Turret  
  147  12:38  Siege Tank  
  147  12:39  Missile Turret  
  150  12:48  SCV, Viking  
  150  12:49  SCV  
  150  12:50  Hellion x2  
  156  13:10  Siege Tank  
  156  13:11  Hellion x2  
  165  13:18  Sensor Tower  
  165  13:26  SCV  
  166  13:30  Refinery  
  166  13:32  Hellion  
  166  13:33  Refinery  
  166  13:34  Sensor Tower  
Tags
 
Add a new tag
Caveats
  • Supply blocks, unpowered buildings, or Contaminate may cause inaccurate times.
  • Supply counts are checked every 10 seconds.